AoeStats
← Blazing Cartesia, The Virtuous

MegaRandom

505394059Analyzed
1v1 RM · 24d ago on Sep 9, 2026· 37m 18s· 2 players
Game mode
Random Map
Map size
Tiny (2 player)
Population
200
Speed
Normal
Resources
Standard
Victory
Conquest
Starting age
Dark Age
Ending age
Imperial Age
RankedLock teamsTeams togetherTeam positionsShared explorationLock speedFull tech treeHidden civsTurbo modeCheats
Victory
Defeat
🇪🇸 Georgians · Spain
1126
+18
1162
-18
ibaporcanalejas
6:35 Loom
7:22 Loom
10:35 Feudal Age
11:28 Double-Bit Axe
12:23 Wheelbarrow
13:28 Horse Collar
17:31 Stone Mining
20:42 Castle Age
18:55 Fletching
19:24 Gold Mining
22:10 Bow Saw
22:04 Heavy Plow
22:53 Stone Shaft Mining
22:45 Medium Warships
23:17 Bodkin Arrow
27:25 Hand Cart
26:58 Town Watch
27:37 Ballistics
27:29 Clinker Construction
27:30 Careening
28:00 Svan Towers
29:15 Masonry
32:02 Hand Cart
34:52 Imperial Age
34:03 Hand Cart
35:08 Scale Barding Armor
37:16 Chemistry
36:30 Bracer
38:13 Heavy Warships
Blazing Cartesia, The Virtuous
6:57 Loom
10:05 Feudal Age
10:42 Double-Bit Axe
17:27 Castle Age
15:34 Gold Mining
18:43 Fletching
20:29 Bodkin Arrow
28:13 Fishing Lines
32:21 Imperial Age
30:22 Stone Mining
33:03 Ballistics
34:15 Bracer
Connection lost

Rejoining the realm…

Still unreachable

The connection could not be restored.

Session expired

The server has moved on; the page needs a fresh start.